 Dungeon Crawl Stone Soup version 0.28-a0-97-g102d6777a4 (webtiles) character file.

Game seed: 12583760777607788810

2 Restia the Skirmisher (level 1, 0/18 HPs)
             Began as a Demonspawn Monk on Aug 9, 2021.
             Frozen to death by an endoplasm (3 damage)
             ... on level 1 of the Dungeon.
             The game lasted 00:02:05 (146 turns).

Restia the Skirmisher (Demonspawn Monk)              Turns: 146, Time: 00:02:06

Health: 0/18       AC:  2    Str: 11    XL:     1   Next: 33%
Magic:  1/1        EV: 12    Int: 11    God:
Gold:   0          SH:  0    Dex: 15    Spells: 0/0 levels left

rFire   . . .      SeeInvis .   a - +0 short sword
rCold   . . .      Faith    .   (no shield)
rNeg    . . .      Spirit   .   b - +0 robe
rPois   .          Reflect  .   (no helmet)
rElec   .          Harm     .   (no cloak)
rCorr   .          Rampage  .   (no gloves)
Will    .....                   (no boots)
Stlth   ++........              (no amulet)
HPRegen 0.06/turn               (no ring)
MPRegen 0.07/turn               (no ring)

@: no status effects
A: no striking features
a: no special abilities


You were on level 1 of the Dungeon.
You visited 1 branch of the dungeon, and saw 1 of its levels.

Inventory:

Hand Weapons
 a - a +0 short sword (weapon)
Armour
 b - a +0 robe (worn)


   Skills:
 - Level 3.0 Fighting
 * Level 2.8 Short Blades
 - Level 2.6 Dodging
 + Level 1.9 Stealth


You couldn't memorise any spells.
You didn't know any spells.
Your spell library was empty.

Dungeon Overview and Level Annotations

Branches:
Dungeon (1/15)

Altars:


Message History

You hit the ball python.
The ball python is moderately wounded.
The ball python bites you. The ball python barely misses you.
You hit the ball python.
You kill the ball python!
You see here a ball python corpse.
Things that are here:
a +0 dagger; a goblin corpse You aren't carrying any scrolls.
There are no items here.
There are no items here.
There are no items here.
Drop what? 2/52 slots (_ for help) (? for menu, Esc to quit)
Okay, then.
A bat comes into view.
You see here a book of Hexes.
You closely miss the bat. The bat barely misses you. The bat barely misses you.
The bat misses you. The bat hits you. The bat closely misses you.
An endoplasm comes into view.
The bat hits you. The bat hits you but does no damage. The bat misses you.
The bat closely misses you. The endoplasm freezes you.
You are frozen.
The bat hits you but does no damage.
You barely miss the bat. The bat closely misses you. The endoplasm freezes you.
You are frozen.
* * * LOW HITPOINT WARNING * * *
The bat closely misses you.
You hit the bat.
The bat is moderately wounded.
The bat hits you.
* * * LOW HITPOINT WARNING * * *
The endoplasm freezes you.
You are frozen.
You die...

.....#....).(......#.##.#
..........:..........##'#
.....#...................
.....#....#...#..........
.....#........#..........
..##.....................
........b........##......
##...##....##.#.###......
#..###.@..##.#.# #......
#......J..####.# ####.[.
...........# #.# #...
.........#.# #...
.........#.# #...
..###....#.. #... .
#..... .# #... ...... .#
#... ....... #...


You could see an endoplasm and a bat.

Vanquished Creatures
  A goblin (D:1)
  A ball python (D:1)
  A rat (D:1)
3 creatures vanquished.

Notes
Turn   | Place    | Note
-------+----------+-------------------------------------------
     0 | D:1      | Restia the Demonspawn Monk began the quest for the Orb.
     0 | D:1      | Reached XP level 1. HP: 18/18 MP: 1/1
   146 | D:1      | Frozen to death by an endoplasm

Illustrated notes

Levels and vault maps discovered:
D:1:      minmay_arrival_split_and_join, layout_basic

Action                   || total
-------------------------++-------
Melee: Short sword       ||    12
Armor: Robe              ||     2
Dodge: Dodged            ||    18

Table legend: (Time is in decaauts)
 A = Elapsed time spent in this place.
 B = Non-inter-level travel time spent in this place.
 C = Inter-level travel time spent in this place.
 D = Time resting spent in this place.
 E = Time spent auto-exploring this place.
 F = Levels seen in this place.
 G = Mean time per level.
                   A        B        C        D        E       F      G
               +--------+--------+--------+--------+--------+-----+--------+
         Total |    145 |    119 |     26 |      0 |      0 |   1 |  145.0 |
       Dungeon |    145 |    119 |     26 |      0 |      0 |   1 |  145.0 |
               +--------+--------+--------+--------+--------+-----+--------+

Top non-repeatable levels by time:
     D:1: 145 daAuts
